 Dungeon Crawl Stone Soup version 0.23-a0-629-gae4348f6cf (webtiles) character file.

4295 GordonOverkill the Charlatan (level 9, -1/78 HPs)
             Began as a Demigod Wanderer on Dec 26, 2018.
             Killed from afar by Psyche (10 damage)
             ... with a puff of flame
             ... on level 9 of the Dungeon.
             The game lasted 00:16:07 (10667 turns).

GordonOverkill the Charlatan (Demigod Wanderer)    Turns: 10667, Time: 00:16:07

Health: -1/78      AC: 19    Str: 22    XL:     9   Next: 86%
Magic:  26/26      EV:  3    Int: 16    God:
Gold:   227        SH: 15    Dex: 14    Spells: 8/8 levels left

rFire    . . .     SeeInvis .   j - +1 war axe (elec)
rCold    + . .     Gourm    .   N - +0 large shield
rNeg     . . .     Faith    .   m - +2 plate armour {rC+}
rPois    .         Spirit   .   u - +2 helmet
rElec    .         Reflect  .   p - +0 cloak
rCorr    .         Harm     .   (no gloves)
MR       .....                  c - +0 pair of boots
Stlth    ..........             D - amulet of rage
HPRegen  0.23/turn              B - ring of magical power
MPRegen  0.20/turn              a - +3 ring of slaying

@: berserk cooldown, slowed, very slow
A: high mp 1
a: Evoke Berserk Rage


You were on level 9 of the Dungeon.
You were very hungry.

You visited 1 branch of the dungeon, and saw 9 of its levels.

You collected 486 gold pieces.
You spent 259 gold pieces at shops.

Inventory:

Hand Weapons
 j - a +1 war axe of electrocution (weapon)
 l - a +2 trident of venom
Missiles
 C - 20 tomahawks (quivered)
 Q - a throwing net
Armour
 c - a +0 pair of boots (worn)
 m - a +2 plate armour of cold resistance (worn)
 p - a +0 cloak (worn)
 u - a +2 helmet (worn)
 N - a +0 large shield (worn)
Jewellery
 a - a +3 ring of slaying (right hand)
 o - a +3 amulet of reflection
 B - a ring of magical power (left hand)
 D - an amulet of rage (around neck)
 L - an uncursed ring of protection from magic {unknown}
 P - a +3 amulet of reflection
Wands
 t - a wand of flame (22)
 v - a wand of polymorph (11)
 H - a wand of clouds (7)
 K - a wand of acid (11)
 O - a wand of iceblast (7)
 R - a wand of random effects (24)
 S - a wand of enslavement (5)
Scrolls
 g - a scroll of holy word {unknown}
 h - 5 scrolls of remove curse
 n - 2 scrolls of amnesia {unknown}
 r - 5 scrolls of teleportation
 s - 3 scrolls of fog
 w - a scroll of enchant weapon
 x - a scroll of blinking
 y - a scroll of random uselessness {unknown}
 A - a scroll of fear {unknown}
 F - a scroll of silence {unknown}
 I - 4 scrolls of magic mapping
 M - a scroll of identify
Potions
 b - 3 potions of curing
 e - 2 potions of haste
 i - a potion of ambrosia
 k - 2 potions of flight
 q - a potion of berserk rage
 z - a potion of mutation
 E - 2 potions of resistance
 G - a potion of magic
 J - 4 potions of might
Comestibles
 d - 8 chunks of flesh
 f - 15 rations


   Skills:
 + Level 6.4 Fighting
 + Level 5.7(6.2) Axes
   Level 1.4(3.9) Maces & Flails
 - Level 2.6(4.5) Polearms
   Level 1.0 Crossbows
 - Level 5.0 Armour
 - Level 2.0 Dodging
 - Level 1.0 Stealth
 + Level 4.6 Shields
 * Level 7.3 Evocations


You had 8 spell levels left.
You didn't know any spells.
Your spell library contained the following spells:

 Spells                   Type           Power        Failure   Level  Hunger
 Beastly Appendage        Tmut           #.....       100%        1    ##.....
 Confusing Touch          Hex            #.....       100%        1    ##.....
 Magic Dart               Conj           #...         100%        1    ##.....
 Blink                    Tloc           N/A          100%        2    ###....
 Call Imp                 Summ           #.......     100%        2    ###....
 Slow                     Hex            #.......     100%        2    ###....
 Confuse                  Hex            #.......     100%        3    ####...
 Conjure Flame            Conj/Fire      #.......     100%        3    ####...
 Gell's Gravitas          Tloc           #.........   100%        3    ####...
 Mephitic Cloud           Conj/Pois/Air  #.......     100%        3    ####...
 Petrify                  Tmut/Erth      #.......     100%        4    #####..
 Metabolic Englaciation   Hex/Ice        #.........   100%        5    ######.
 Yara's Violent Unravell  Hex/Tmut       #.........   100%        5    ######.


Dungeon Overview and Level Annotations

Branches:
Dungeon (9/15)             Temple (0/1) D:4
   Lair: D:8-11         Orc: D:9-12

Shops:
D:6 }}%**

Annotations:
D:9 Psyche


Innate Abilities, Weirdness & Mutations

You have an increased reservoir of magic. (+10% MP)


Message History

* * * LOW HITPOINT WARNING * * *
You feel better. You block the wyvern's attack. The wyvern bites you.
* * * LOW HITPOINT WARNING * * *
As you read the scroll of teleportation, it crumbles to dust.
You feel strangely unstable. The wyvern barely misses you.
The wyvern bites you but does no damage.
You block the wyvern's attack. The wyvern barely misses you.
An orc comes into view. It is wielding a +0 flail.
The orc shouts!
You block the wyvern's attack. The wyvern bites you!
* * * LOW HITPOINT WARNING * * *
The orc moves out of view.
There is an open door here.
You feel better.
Your surroundings suddenly seem different.
Psyche the Insane Magess comes into view.
She is wielding a +1 dagger of chaos, Psyche shouts!
Psyche points at you and mumbles some strange words.
The puff of flame hits you!
You die...

#.###
####...####
#.........#
#.........#
#..@......+
#.........#
#......<.)#
#.....@...#
########+##


You could see Psyche.

Vanquished Creatures
  A hippogriff (D:7)
  A wyvern (D:8)
  4 orc warriors
  An ice beast (D:7)
  2 necrophages
  2 phantoms
  4 ogres
  A centaur (D:5)
  A big kobold (D:9)
  6 bullfrogs
  5 scorpions
  3 wights (D:7)
  10 killer bees
  An electric eel (D:7)
  2 howler monkeys (D:9)
  A quasit (D:9)
  A crimson imp (D:5)
  2 hounds (D:7)
  4 orc priests
  A gnoll shaman (D:6)
  2 jellies
  A bullfrog skeleton (D:5)
  3 iguanas
  8 orc wizards
  11 worker ants
  2 hound skeletons
  A hound zombie (D:7)
  16 gnolls
  A howler monkey skeleton (D:8)
  11 adders
  An ooze (D:2)
  2 adder skeletons
  3 adder zombies
  6 worms
  A dart slug (D:1)
  3 leopard geckos
  20 orcs
  5 ball pythons
  2 giant cockroaches
  10 goblins
  7 hobgoblins
  14 jackals
  7 quokkas
  5 bats
  3 frilled lizards (D:4)
  9 kobolds
  A leopard gecko skeleton (D:4)
  7 rats
215 creatures vanquished.

Notes
Turn   | Place    | Note
-------+----------+-------------------------------------------
     0 | D:1      | GordonOverkill the Demigod Wanderer began the quest for the
                  | Orb.
     0 | D:1      | GordonOverkill set off with the following items: a +2
                  | leather armour, a potion of curing, a potion of
                  | lignification, a +0 club, a ration
     0 | D:1      | Reached XP level 1. HP: 17/17 MP: 3/3
   626 | D:1      | Reached XP level 2. HP: 22/24 MP: 5/5
   770 | D:1      | Reached skill level 1 in Maces & Flails
   993 | D:1      | Reached skill level 1 in Armour
  1656 | D:2      | Reached XP level 3. HP: 29/30 MP: 6/6
  2413 | D:2      | Found an opulent altar of Gozag.
  2464 | D:2      | Reached XP level 4. HP: 34/37 MP: 7/7
  2721 | D:2      | Found a burning altar of Makhleb.
  2976 | D:3      | Reached skill level 1 in Axes
  4061 | D:3      | Reached XP level 5. HP: 40/45 MP: 8/8
  4243 | D:3      | Noticed an ogre
  4255 | D:3      | Killed an ogre
  4691 | D:4      | Found a staircase to the Ecumenical Temple.
  5126 | D:3      | Reached XP level 6. HP: 20/52 MP: 9/9
  5460 | D:4      | Reached skill level 2 in Evocations
  5920 | D:4      | Reached XP level 7. HP: 59/59 MP: 11/11
  6341 | D:5      | Entered Level 5 of the Dungeon
  6380 | D:5      | Reached skill level 1 in Shields
  6380 | D:5      | Reached skill level 3 in Evocations
  6383 | D:5      | Found a radiant altar of Vehumet.
  7536 | D:6      | Found a shattered altar of Ashenzari.
  7566 | D:6      | Found Waisogit's Food Emporium.
  7574 | D:6      | Found Usuvirug's Assorted Antiques.
  7600 | D:6      | Bought a scroll labeled DITUQU WYUXKORIWK for 25 gold
                  | pieces
  7600 | D:6      | Bought a scroll labeled EWA WEUCHAOSY for 25 gold pieces
  7600 | D:6      | Bought a scroll of teleportation for 75 gold pieces
  7600 | D:6      | Bought an orange potion for 22 gold pieces
  7629 | D:6      | Reached XP level 8. HP: 61/66 MP: 14/14
  7690 | D:6      | Found the +12 glaive of Prune {chop}
  7729 | D:6      | Found Kucuucwi's Gadget Boutique.
  7745 | D:6      | Reached skill level 4 in Evocations
  7969 | D:6      | Found Abudghius's Assorted Antiques.
  7980 | D:6      | Bought a scroll labeled LOTWIN VIUGELO for 23 gold pieces
  7980 | D:6      | Bought a ruby potion for 20 gold pieces
  7980 | D:6      | Bought a scroll of teleportation for 69 gold pieces
  8101 | D:6      | Found Adghausch's Gadget Boutique.
  8403 | D:7      | Reached skill level 5 in Fighting
  8512 | D:7      | Noticed a hippogriff
  8524 | D:7      | Killed a hippogriff
  8524 | D:7      | Reached skill level 5 in Evocations
  8782 | D:7      | Reached XP level 9. HP: 49/73 MP: 16/16
  8910 | D:7      | Reached skill level 5 in Armour
  9201 | D:7      | Found a deep blue altar of Sif Muna.
  9289 | D:7      | Identified Sif Muna's Almanac of Transformation
  9312 | D:7      | Found a shattered altar of Ashenzari.
  9350 | D:7      | Reached skill level 6 in Evocations
  9400 | D:7      | Reached skill level 5 in Axes
 10205 | D:8      | Found a blossoming altar of Fedhas.
 10208 | D:8      | Found a stormy altar of Qazlal.
 10438 | D:8      | Reached skill level 7 in Evocations
 10666 | D:9      | HP: 3/78 [wyvern (11)]
 10667 | D:9      | Noticed Psyche
 10667 | D:9      | Killed from afar by Psyche

Vault maps used:
D:1:      evilmike_arrival_run_for_it, minmay_hexomino_p4
D:2:      nicolae_overflow_hidden_temple, old_standard_altar,
          chequers_serial_rivers_room_a, hangedman_decor_push
D:4:      minmay_temple_entry_large_hall
D:5:      first_ration, vehumet_altar_wand_db
D:6:      basic_altar, serial_shops, shop_statue, shop, shop_fountains,
          kennysheep_mini_moat, shop
D:7:      led_sif_book, evilmike_ruin_ashenzari, serial_bayou_ford_a
D:8:      grunt_temple_overflow_forces_of_nature
D:9:      overflow_temple_1_default, orc_0_dummy, grunt_pizzeria, uniq_psyche,
          uniq_erica

Skill      XL: |  1  2  3  4  5  6  7  8  9 |
---------------+----------------------------+-----
Fighting       | 2 3 4 5 6 |  6.4
Dodging        | 2 |  2.0
Maces & Flails | 1 |  1.4
Armour         | 1 2 3 4 5 |  5.0
Axes           | 1 2 3 4 5 |  5.7
Evocations     | 2 3 5 7 |  7.3
Shields        | 2 4 |  4.6
Polearms       | |  2.6
Crossbows      | |  1.0
Stealth        | |  1.0

Action                   |  1- 3 |  4- 6 |  7- 9 || total
-------------------------+-------+-------+-------++-------
Melee: Club              |    25 |       |       ||    25
       Whip              |    74 |   129 |       ||   203
       Hand axe          |    47 |    72 |   383 ||   502
       Trident           |       |     7 |     8 ||    15
       War axe           |       |       |    70 ||    70
Throw: Tomahawk          |       |     6 |       ||     6
 Abil: Evoke Berserk Rag |       |     3 |    11 ||    14
Evoke: Wand              |       |       |     2 ||     2
  Use: Scroll            |     2 |     8 |    13 ||    23
       Potion            |       |     4 |     4 ||     8
 Stab: Sleeping          |     1 |     1 |       ||     2
  Eat: Chunk             |     5 |    11 |    23 ||    39
       Ration            |       |     1 |       ||     1
Armor: Leather armour    |    55 |    42 |       ||    97
       Skin              |       |     6 |       ||     6
       Plate armour      |       |    11 |   370 ||   381
Dodge: Dodged            |    84 |   130 |   140 ||   354
Block: Other             |     7 |    32 |       ||    39
       Buckler           |       |       |    78 ||    78
       Large shield      |       |       |    96 ||    96

Table legend:
 A = Non-vault XP
 B = Vault XP
 C = Vault XP percentage of total XP
 D = Non-vault monster count
 E = Vault monster count
 F = Vault count percentage of total count
                 A         B        C        D         E       F
            +---------+---------+-------+---------+---------+-------
      Total |    6044 |      92 |   1.5 |     208 |       7 |   3.3
            +---------+---------+-------+---------+---------+-------
        D:1 |      30 |      11 |  26.8 |      17 |       4 |  19.0
        D:2 |     101 |       0 |   0.0 |      21 |       0 |   0.0
        D:3 |     322 |       0 |   0.0 |      27 |       0 |   0.0
        D:4 |     486 |       0 |   0.0 |      23 |       0 |   0.0
        D:5 |     513 |       2 |   0.4 |      20 |       1 |   4.8
        D:6 |     746 |       0 |   0.0 |      17 |       0 |   0.0
        D:7 |    1816 |      79 |   4.2 |      36 |       2 |   5.3
        D:8 |    1054 |       0 |   0.0 |      25 |       0 |   0.0
        D:9 |     976 |       0 |   0.0 |      22 |       0 |   0.0
            +---------+---------+-------+---------+---------+-------
